 Dungeon Crawl Stone Soup version 0.18.1-1-g2f07953 (webtiles) character file.

220 Ganima the Cudgeler (level 5, -7/32 HPs)
             Began as a Gargoyle Berserker on May 6, 2016.
             Was a Priest of Trog.
             Mangled by an orc
             ... wielding a +0 trident
              (9 damage)
             ... on level 4 of the Dungeon.
             The game lasted 00:16:32 (3688 turns).

Ganima the Cudgeler (Gargoyle Berserker)            Turns: 3688, Time: 00:16:33

Health: -7/32      AC:  6    Str: 22    XL:     5   Next: 97%
Magic:  5/5        EV: 12    Int:  7    God:    Trog [***...]
Gold:   179        SH:  0    Dex:  9    Spells: 0 memorised, 4 levels left

rFire  . . .     SeeInvis .     a - +0 whip
rCold  . . .     Gourm    .     g - +0 animal skin
rNeg   + . .     Faith    .     (no shield)
rPois  ∞         Spirit   .     (no helmet)
rElec  +         Dismiss  .     (no cloak)
rCorr  .         Reflect  .     (no gloves)
SustAt .         Harm     .     (no boots)
MR     +....                    (no amulet)
Stlth  +.........               (no ring)
                                m - ring of protection from magic

@: somewhat resistant to hostile enchantments, very unstealthy
A: negative energy resistance 1, electricity resistance, unbreathing,
petrification resistance, rot immunity, AC +4
a: Berserk, Trog's Hand, Burn Spellbooks, Renounce Religion


You were on level 4 of the Dungeon.
You worshipped Trog.
Trog was most pleased with you.
You were very hungry.

You visited 1 branch of the dungeon, and saw 4 of its levels.

You collected 179 gold pieces.

Inventory:

Hand Weapons
 a - a +0 whip (weapon)
 b - a +0 mace
Armour
 g - a +0 animal skin (worn)
Jewellery
 m - a ring of protection from magic (left hand)
Scrolls
 c - 3 scrolls of teleportation {unknown}
 d - a scroll of blinking {unknown}
 f - 2 scrolls of random uselessness {unknown}
 k - 2 scrolls of recharging {unknown}
 o - 2 scrolls of enchant weapon {unknown}
 p - a scroll of noise {unknown}
 q - 2 scrolls of immolation {unknown}
 s - a scroll of fog {unknown}
 u - 2 scrolls of identify {unknown}
 v - a scroll of amnesia {unknown}
Potions
 h - a potion of curing {unknown}
 i - 2 potions of degeneration {unknown}
 j - a potion of invisibility {unknown}
 l - 5 potions of flight {unknown}
 n - 2 potions of magic {unknown}
 r - a potion of berserk rage {unknown}
 t - a potion of heal wounds {unknown}
Comestibles
 W - 14 fruits
 X - 4 bread rations
 Y - 3 meat rations


   Skills:
 + Level 3.4 Fighting
 * Level 6.2 Maces & Flails
 + Level 2.2 Armour
 - Level 1.5 Dodging
 + Level 0.8 Stealth


You had 4 spell levels left.
You didn't know any spells.

Dungeon Overview and Level Annotations

Branches:
Dungeon (4/15)
 Temple: D:4-7

Altars:
Okawaru
Ru
Xom


Innate Abilities, Weirdness & Mutations

You are resistant to torment.
Your stone body is resilient (AC +4).
You are immune to poison.
You resist negative energy.
You are resistant to electric shocks.
You can survive without breathing.
You are immune to petrification.
You are immune to rotting.


Message History

The orc hits you from afar with a trident! * * * don't die
* * * The worm misses you!
You devastate the adder skeleton!
The adder skeleton bites you! * * * don't die
* * * The orc hits you from afar with a trident! * * * don't die
* * * You closely miss the adder skeleton!
The adder skeleton bites you but does no damage!
The worm misses you!
You devastate the adder skeleton!
You destroy the adder skeleton!!!
The orc hits you but does no damage! The orc hits you but does no damage!
The worm bites you but does no damage!
You punish the orc, causing immense pain!
The orc is severely wounded!
You punish the orc but do no damage!
The orc is severely wounded!
The orc hits you with a trident!!! rip

)..................#.............
................(.##.............
#.(#...........#####.............
##...#######..## ##......÷.......
##....# #...###..#............
##...# ##....).##............
#..## ##....###............
################### #.....)......
w.............oo@.# ##...........
...#...#...#...#w.####...........
................._#.#............
...#...#...#...#..#....##........
..................#...######....#
####################### ##..###
#..# #..## ##..# #######..#
#...## ###..##(..##


You could see a worm and 2 orcs.

Vanquished Creatures
  A centaur skeleton (D:4)
  2 worker ants (D:4)
  A gnoll (D:1)
  5 adders
  2 adder skeletons (D:4)
  3 worms
  2 dart slugs (D:1)
  3 giant geckos
  5 orcs
  3 giant cockroaches
  4 goblins
  8 hobgoblins
  4 jackals (D:1)
  A quokka (D:2)
  6 bats
  2 giant newts
  13 kobolds
  9 rats
74 creatures vanquished.

Notes
Turn   | Place    | Note
--------------------------------------------------------------
     0 | D:1      | Ganima the Gargoyle Berserker began the quest for the Orb.
     0 | D:1      | Reached XP level 1. HP: 14/14 MP: 1/1
   111 | D:1      | Reached XP level 2. HP: 11/19 MP: 2/2
   332 | D:1      | Reached skill level 4 in Maces & Flails
   332 | D:1      | Reached XP level 3. HP: 21/23 MP: 3/3
   502 | D:1      | Reached ** piety under Trog
  1142 | D:2      | Reached XP level 4. HP: 20/28 MP: 4/4
  1161 | D:2      | Found an iron altar of Okawaru.
  1247 | D:2      | Reached skill level 5 in Maces & Flails
  2233 | D:3      | Found a sacrificial altar of Ru.
  2910 | D:4      | Reached XP level 5. HP: 30/32 MP: 5/5
  2927 | D:4      | Noticed an ogre
  3080 | D:4      | Noticed an ogre
  3246 | D:4      | Reached *** piety under Trog
  3575 | D:4      | Reached skill level 6 in Maces & Flails
  3647 | D:4      | Found a shimmering altar of Xom.
  3688 | D:4      | Mangled by an orc

Skill      XL: |  1  2  3  4  5 |
---------------+----------------+-----
Maces & Flails | 4 5 6 |  6.2
Fighting       | |  3.4
Armour         | |  2.2
Dodging        | |  1.5
Stealth        | |  0.8

Action                   |  1- 3 |  4- 6 || total
-------------------------+-------+-------++-------
Melee: Mace              |    14 |       ||    14
       Whip              |   131 |   257 ||   388
  Use: Potion            |     2 |     1 ||     3
  Eat: Chunk             |       |     8 ||     8
Armor: Animal skin       |    37 |    74 ||   111
Dodge: Dodged            |    90 |   158 ||   248
